AoeStats
← [ KOF ] M. Kowalski

Nomad

508994786Analyzed
4v4 RM · 7d ago on Sep 25, 2026· 47m 39s· 8 players
Game mode
Random Map
Map size
231×231
Population
200
Speed
Normal
Resources
Standard
Victory
Conquest
Starting age
Dark Age
Ending age
Imperial Age
RankedLock teamsTeams togetherTeam positionsShared explorationLock speedFull tech treeHidden civsTurbo modeCheats
Victory
Defeat
🇲🇽 Spanish · Mexico
1484
+14
🇨🇦 Persians · Canada
1430
+16
🇲🇽 Varangians · Mexico
1383
+18
🇨🇴 Italians · Colombia
1316
+21
🇦🇷 Ethiopians · Argentina
1639
-24
🇲🇽 Persians · Mexico
1524
-21
🇦🇷 Italians · Argentina
1327
-13
🇦🇷 Khmer · Argentina
1265
-11
Persian Assassin
11:39 Loom
13:47 Feudal Age
14:41 Double-Bit Axe
17:23 Castle Age
18:53 Scale Barding Armor
19:51 Horse Collar
25:16 Elite Skirmisher
28:26 Fletching
30:55 Bodkin Arrow
31:44 Padded Archer Armor
MZTK | Dragneel
9:44 Loom
13:20 Feudal Age
15:02 Man-at-Arms
16:19 Arson
16:23 Arson
23:01 Castle Age
31:47 Double-Bit Axe
35:29 Wheelbarrow
35:33 Wheelbarrow
36:39 Hand Cart
37:07 Town Watch
47:13 Imperial Age
46:38 Gold Mining
MZTK | Tormenta
4:51 Loom
12:45 Feudal Age
17:27 Castle Age
15:34 Double-Bit Axe
16:18 Horse Collar
16:33 Fletching
16:36 Gold Mining
17:29 Padded Archer Armor
18:26 Bow Saw
20:01 Wheelbarrow
21:30 Bodkin Arrow
33:11 Imperial Age
32:41 Ballistics
32:01 Treadmill Crane
32:28 Heavy Plow
32:46 Leather Archer Armor
33:15 Murder Holes
34:54 Chemistry
35:44 Conscription
35:51 Scale Barding Armor
36:47 Bloodlines
35:58 Light Cavalry
40:53 Chain Barding Armor
41:37 Husbandry
42:12 Hussar
43:11 Hand Cart
MZTK | Orocar
5:49 Loom
13:32 Feudal Age
17:59 Castle Age
16:21 Double-Bit Axe
16:31 Gold Mining
17:42 Town Watch
17:52 Stone Mining
18:36 Fletching
19:16 Town Watch
23:09 Bodkin Arrow
25:43 Wheelbarrow
30:14 Horse Collar
33:24 Hand Cart
34:12 Heavy Plow
37:53 Imperial Age
36:40 Scale Barding Armor
36:46 Forging
37:41 Bloodlines
37:32 Husbandry
37:53 Chain Barding Armor
39:11 Stone Shaft Mining
38:00 Cavalier
39:18 Iron Casting
40:14 Plate Barding Armor
41:29 Blast Furnace
45:04 Conscription
44:46 Bracer
44:57 Bow Saw
44:39 Elite Skirmisher
46:43 Two-Man Saw
45:44 Padded Archer Armor
48:05 Thumb Ring
48:29 Leather Archer Armor
Homero Thomson
4:30 Loom
12:15 Feudal Age
19:30 Castle Age
27:23 Imperial Age
34:23 Fletching
34:34 Padded Archer Armor
34:47 Elite Skirmisher
34:56 Crossbowman
36:59 Chemistry
42:00 Double-Bit Axe
[ KOF ] M. Kowalski
5:38 Loom
13:53 Feudal Age
18:31 Castle Age
18:04 Stone Mining
20:05 Wheelbarrow
19:25 Fletching
24:52 Double-Bit Axe
26:03 Bodkin Arrow
30:49 Padded Archer Armor
35:22 Ballistics
47:00 Hand Cart
[KOF] JoakoM
13:26 Feudal Age
15:08 Loom
17:41 Castle Age
16:47 Double-Bit Axe
16:43 Horse Collar
18:56 Bow Saw
19:26 Crossbowman
19:58 Fletching
25:22 Padded Archer Armor
26:54 Gold Mining
43:59 Wheelbarrow
43:10 Town Watch
44:01 Gold Shaft Mining
KOF ChavaAzcona
4:24 Loom
11:36 Feudal Age
16:58 Double-Bit Axe
17:52 Fletching
29:40 Castle Age
27:37 Horse Collar
28:01 Fishing Lines
30:35 Wheelbarrow
30:16 Gillnets
30:47 Gold Mining
32:35 Bow Saw
34:36 Heavy Plow
41:41 Imperial Age
39:53 Bloodlines
40:04 Scale Barding Armor
41:09 Chain Barding Armor
41:45 Forging
42:36 Plate Barding Armor
41:59 Cavalier
43:06 Masonry
44:19 Iron Casting
44:10 Hand Cart
44:42 Husbandry
Connection lost

Rejoining the realm…

Still unreachable

The connection could not be restored.

Session expired

The server has moved on; the page needs a fresh start.